[Event "ICC tourney 2500 (45 10)"]
[Site "Internet Chess Club"]
[Date "2021.04.10"]
[Round "4"]
[White "Badrinarayanan, Shashank:Shashankb05"]
[Black "RAMESH, ANIRUDH:anirudhramesh03"]
[Result "0-1"]
[ICCResult "White checkmated"]
[WhiteElo "1743"]
[BlackElo "1561"]
[Opening "Sicilian: dragon, classical, 9.Nb3"]
[ECO "B74"]
[NIC "SI.33"]
[Time "18:31:23"]
[PlyCount "98"]
[TimeControl "2700+10"]

1. e4 c5 2. Nf3 Nc6 3. d4 cxd4 4. Nxd4 g6 5. Nb3 Bg7 6. Be2 d6 7. O-O Nf6
8. Nc3 O-O 9. Be3 Bd7 10. f3 Ne5 11. Rb1 Qc7 12. Qd2 a6 13. Bg5 Rfc8 14.
Rfc1 Qb6+ 15. Kh1 e6 16. Rd1 Ne8 17. Be3 Qc7 18. Bh6 Bh8 19. Be3 Nc4 20.
Bxc4 Qxc4 21. Bd4 Bxd4 22. Qxd4 a5 23. Qxc4 Rxc4 24. Rd4 Rxd4 25. Nxd4 Rc8
26. Rd1 b5 27. Rd2 b4 28. Nd1 f5 29. exf5 gxf5 30. Kg1 Kf7 31. Kf2 Nf6 32.
Nb3 a4 33. Na1 Ke7 34. Rd4 Rb8 35. Ne3 e5 36. Rd2 h6 37. Nd5+ Nxd5 38. Rxd5
Ke6 39. Rd1 h5 40. Rc1 h4 41. Rb1 f4 42. Ke2 d5 43. b3 a3 44. Rc1 Rg8 45.
Kf2 e4 46. fxe4 dxe4 47. c4 e3+ 48. Kf3 Ke5 49. Nc2 Bg4# { White checkmated
} 0-1

[Event "ICC tourney 2500 (45 10)"]
[Site "Internet Chess Club"]
[Date "2021.04.10"]
[Round "4"]
[White "SETHURAMAN, ROSHAN:TheSuperKing"]
[Black "SULTAN, BASHIR Cisse:muzikmixer"]
[Result "1-0"]
[ICCResult "Black resigns"]
[WhiteElo "1725"]
[BlackElo "1526"]
[Opening "Pirc: Ufimtsev-Pytel variation"]
[ECO "B07"]
[NIC "PU.08"]
[Time "18:31:23"]
[PlyCount "101"]
[TimeControl "2700+10"]

1. e4 d6 2. d4 Nf6 3. Nc3 c6 4. Nf3 Bg4 5. Be2 e6 6. O-O Be7 7. Bf4 d5 8.
exd5 Bxf3 9. Bxf3 exd5 10. Re1 O-O 11. a3 Nbd7 12. Ne2 Re8 13. Ng3 g6 14.
Bh6 Qc7 15. Qd2 Bd6 16. a4 Rxe1+ 17. Rxe1 Re8 18. Rxe8+ Nxe8 19. b3 f5 20.
Qe3 Ndf6 21. Qe6+ Qf7 22. Qxf7+ Kxf7 23. c3 Ne4 24. Bxe4 fxe4 25. Ne2 Nc7
26. Be3 Ne6 27. c4 Bb4 28. Kf1 a6 29. cxd5 cxd5 30. Nf4 Nxf4 31. Bxf4 Ke6
32. g4 Bd6 33. Bxd6 Kxd6 34. b4 h5 35. Kg2 Ke6 36. Kg3 b6 37. gxh5 gxh5 38.
Kf4 Kf6 39. h4 Ke6 40. Kg5 b5 41. a5 Ke7 42. Kxh5 Kf6 43. Kg4 Kg6 44. h5+
Kh6 45. Kh4 Kh7 46. Kg5 Kg7 47. h6+ Kh7 48. Kf5 Kxh6 49. Ke5 Kg5 50. Kxd5
Kf4 51. Ke6 { Black resigns } 1-0

[Event "ICC tourney 2500 (45 10)"]
[Site "Internet Chess Club"]
[Date "2021.04.10"]
[Round "4"]
[White "SOMPURAM, AKHIL:Beast908"]
[Black "PRICE, JOSH JAMES:PvzGuy13"]
[Result "0-1"]
[ICCResult "White resigns"]
[WhiteElo "1305"]
[BlackElo "1695"]
[Opening "Sicilian: accelerated fianchetto, exchange variation"]
[ECO "B34"]
[NIC "SI.33"]
[Time "18:31:15"]
[PlyCount "86"]
[TimeControl "2700+10"]

1. e4 c5 2. Nf3 Nc6 3. d4 cxd4 4. Nxd4 g6 5. Nxc6 bxc6 6. Qd4 Nf6 7. e5 Nd5
8. e6 f6 9. exd7+ Qxd7 10. Nc3 Qe6+ 11. Qe4 Nxc3 12. Qxe6 Bxe6 13. bxc3 Bg7
14. Be3 a5 15. a4 Rb8 16. Bd3 Bd5 17. O-O f5 18. Ra3 e5 19. c4 Be6 20. Rb3
Rb4 21. Bd2 Rxa4 22. Rb8+ Ke7 23. Rb7+ Kf6 24. Ra7 Bxc4 25. Rxa5 Rxa5 26.
Bxa5 Bxd3 27. cxd3 Ra8 28. Bc3 Ra3 29. Rc1 Bh6 30. Rc2 Ke6 31. Kf1 Kd5 32.
Bb4 Rb3 33. Bc3 Rb1+ 34. Ke2 Rc1 35. Rxc1 Bxc1 36. f3 h5 37. h3 Ba3 38. Bd2
Bc5 39. Be3 Bxe3 40. Kxe3 f4+ 41. Ke2 Kd4 42. Kd2 h4 43. Ke2 Kc3 { White
resigns } 0-1

[Event "ICC tourney 2500 (45 10)"]
[Site "Internet Chess Club"]
[Date "2021.04.10"]
[Round "4"]
[White "WANG, JESSICA:crazyhorse9"]
[Black "VISHWA, SUSHEEL:sushivishwa"]
[Result "0-1"]
[ICCResult "White forfeits on time"]
[WhiteElo "1529"]
[BlackElo "1738"]
[Opening "Giuoco Piano"]
[ECO "C54"]
[NIC "IG.02"]
[Time "18:31:13"]
[PlyCount "78"]
[TimeControl "2700+10"]

1. e4 e5 2. Nf3 Nc6 3. Bc4 Bc5 4. c3 Nf6 5. d4 exd4 6. e5 d5 7. Bb5 Ne4 8.
cxd4 Bb6 9. Nc3 O-O 10. h3 f6 11. O-O fxe5 12. dxe5 Nxc3 13. bxc3 Ne7 14.
Re1 Bf5 15. Bd3 Qd7 16. Qc2 c6 17. Ba3 Bxd3 18. Qxd3 c5 19. c4 d4 20. e6
Qd6 21. Ng5 Rf5 22. Bc1 Bc7 23. g3 Raf8 24. Bf4 Qc6 25. Bxc7 Rxg5 26. Be5
Ng6 27. Bxd4 cxd4 28. e7 Re8 29. Qxd4 Rc5 30. Rad1 Nxe7 31. Re4 Rf5 32.
Rde1 Rf7 33. Re6 Qc7 34. Rd6 Kf8 35. Rd7 Qa5 36. Re5 Qxa2 37. Rd8 Qa4 38.
Rd7 Qc6 39. Rc5 Qe6 { White forfeits on time } 0-1

[Event "ICC tourney 2500 (45 10)"]
[Site "Internet Chess Club"]
[Date "2021.04.10"]
[Round "4"]
[White "Patel, Arav:APBrain"]
[Black "Aravindakshan, Sahana:TigerSahi"]
[Result "0-1"]
[ICCResult "White checkmated"]
[WhiteElo "1703"]
[BlackElo "1626"]
[Opening "Queen's pawn: London system"]
[ECO "A45"]
[NIC "QP.07"]
[Time "18:31:17"]
[PlyCount "70"]
[TimeControl "2700+10"]

1. d4 Nf6 2. Bf4 g6 3. Nc3 d5 4. e3 Bg7 5. Bd3 O-O 6. Nf3 a6 7. O-O Nc6 8.
Ne5 Nxe5 9. Bxe5 e6 10. f4 Bd7 11. Rf3 Rc8 12. Rh3 Nh5 13. g4 Bxe5 14. dxe5
Ng7 15. g5 Ne8 16. Qg4 Kg7 17. Rh6 Rh8 18. e4 d4 19. Ne2 c5 20. Ng3 c4 21.
Be2 Qb6 22. Kh1 Qxb2 23. Rd1 Qxc2 24. Rxd4 Ba4 25. f5 Qb1+ 26. Bd1 c3 27.
Kg2 c2 28. Bxc2 Rxc2+ 29. Ne2 Bb5 30. Rxg6+ hxg6 31. f6+ Kf8 32. Qf3 Rxe2+
33. Kg3 Qg1+ 34. Kf4 Rh4+ 35. Qg4 Qxg4# { White checkmated } 0-1

[Event "ICC tourney 2500 (45 10)"]
[Site "Internet Chess Club"]
[Date "2021.04.10"]
[Round "4"]
[White "GONG, JONATHAN YICHENG:Theutltl"]
[Black "POLYAKIN, VLADIMIR:IAlwaysWin"]
[Result "1/2-1/2"]
[ICCResult "Game drawn by mutual agreement"]
[WhiteElo "1477"]
[BlackElo "1879"]
[Opening "French: exchange variation"]
[ECO "C01"]
[NIC "FR.01"]
[Time "18:31:52"]
[PlyCount "119"]
[TimeControl "2700+10"]

1. e4 e6 2. d4 d5 3. exd5 exd5 4. Bd3 Bd6 5. Nf3 Nf6 6. O-O O-O 7. c3 Bg4
8. Bg5 h6 9. Bh4 Nbd7 10. Nbd2 c6 11. h3 Be6 12. Re1 Qc7 13. Nf1 Rfe8 14.
Bg3 Rad8 15. Bxd6 Qxd6 16. Ng3 Nf8 17. Qc2 Qc7 18. Rad1 b6 19. b3 Bc8 20.
c4 Ne6 21. Bf5 Nf4 22. Bxc8 Rxc8 23. Rc1 Qb8 24. Rxe8+ Rxe8 25. cxd5 cxd5
26. Qc7 Ne6 27. Qxb8 Rxb8 28. Nf5 h5 29. Ne7+ Kh7 30. Rc8 Rb7 31. Nc6 g5
32. Nfe5 a5 33. Kf1 Kg7 34. f3 h4 35. a4 Nh5 36. Kf2 f6 37. Ng4 Rc7 38.
Rxc7+ Nxc7 39. b4 axb4 40. Nxb4 Nf4 41. Ne3 Kf7 42. Nc6 Nd3+ 43. Ke2 Nb2
44. a5 bxa5 45. Nxa5 Ke6 46. Nb3 Nb5 47. Ng4 Nc4 48. Kf2 f5 49. Ne3 Nxe3
50. Kxe3 Kd6 51. f4 g4 52. hxg4 fxg4 53. f5 h3 54. gxh3 gxh3 55. Kf2 Ke7
56. Kg3 h2 57. Kxh2 Kf6 58. Kg3 Kxf5 59. Kf3 Nd6 60. Nc5 { Game drawn by
mutual agreement } 1/2-1/2

[Event "ICC tourney 2500 (45 10)"]
[Site "Internet Chess Club"]
[Date "2021.04.10"]
[Round "5"]
[White "Huang, Bill:Elainelu"]
[Black "WANG, TED:tedwpnw"]
[Result "0-1"]
[ICCResult "White resigns"]
[WhiteElo "1090"]
[BlackElo "1482"]
[Opening "Sicilian: Pelikan (Lasker/Sveshnikov) variation"]
[ECO "B33"]
[NIC "SI.35"]
[Time "21:04:36"]
[PlyCount "51"]
[TimeControl "2700+10"]

1. e4 c5 2. Nf3 Nc6 3. d4 cxd4 4. Nxd4 Nf6 5. Nc3 e5 6. Nb3 Bb4 7. f3 d5 8.
exd5 Nxd5 9. Bd2 Bxc3 10. Bxc3 Nxc3 11. Qxd8+ Nxd8 12. bxc3 Be6 13. Bb5+
Ke7 14. O-O Rc8 15. Rab1 Rxc3 16. Bd3 Nc6 17. Nc5 Rxc5 18. Rxb7+ Kf6 19. f4
exf4 20. Rxf4+ Ke5 21. Re4+ Kd6 22. Rb1 Kc7 23. Bb5 Rb8 24. c4 Bxc4 25.
Bxc4 Rxb1+ 26. Kf2 { White resigns } 0-1

[Event "ICC tourney 2500 (45 10)"]
[Site "Internet Chess Club"]
[Date "2021.04.10"]
[Round "5"]
[White "HEBBAR, ESHAAN:solveur"]
[Black "Xiao, Michael:michaelxiao"]
[Result "1-0"]
[ICCResult "Black checkmated"]
[WhiteElo "1680"]
[BlackElo "1272"]
[Opening "Queen's pawn game, Chigorin variation"]
[ECO "A04"]
[NIC "QP.11"]
[Time "21:04:43"]
[PlyCount "123"]
[TimeControl "2700+10"]

1. Nf3 Nc6 2. d4 d5 3. Bf4 Nf6 4. c4 e6 5. Nc3 Bd6 6. Bxd6 cxd6 7. e3 dxc4
8. Bxc4 O-O 9. O-O b6 10. Rc1 Bb7 11. a3 Rc8 12. Ba2 Ne7 13. Qd3 Ng6 14. e4
Re8 15. Rfd1 Nd7 16. g3 h5 17. Nb5 Rxc1 18. Rxc1 Nf6 19. d5 exd5 20. exd5
Ba6 21. Bc4 Qd7 22. Nxd6 Bxc4 23. Nxc4 Qxd5 24. Qxd5 Nxd5 25. Rd1 Nf6 26.
Ne3 Rc8 27. Kf1 Kf8 28. Ke2 Ke7 29. Kd3 Rd8+ 30. Kc2 Rxd1 31. Nxd1 Ng4 32.
h3 N4e5 33. Nxe5 Nxe5 34. Kc3 Kd6 35. Ne3 Nf3 36. Nf5+ Ke5 37. Nxg7 Ng5 38.
f4+ Kf6 39. Nxh5+ Kg6 40. fxg5 Kxh5 41. h4 Kg6 42. g4 f5 43. gxf5+ Kxf5 44.
Kb4 Kg6 45. Kb5 Kh5 46. Ka6 b5 47. Kxb5 a6+ 48. Kxa6 Kg6 49. b4 Kh5 50. b5
Kg4 51. b6 Kf5 52. b7 Kg6 53. b8=R Kh5 54. Rb6 Kg4 55. g6 Kf5 56. g7 Kg4
57. g8=R+ Kh3 58. h5 Kh4 59. h6 Kh5 60. h7 Kh4 61. Rb4+ Kh5 62. h8=R# {
Black checkmated } 1-0

[Event "ICC tourney 2500 (45 10)"]
[Site "Internet Chess Club"]
[Date "2021.04.10"]
[Round "5"]
[White "LI, EMMA:BulbasaurMaster"]
[Black "HUSSAIN, FARAZ:ExceptionalFork"]
[Result "0-1"]
[ICCResult "White resigns"]
[WhiteElo "1390"]
[BlackElo "1313"]
[Opening "Three knights game"]
[ECO "C46"]
[NIC "KP.06"]
[Time "21:04:38"]
[PlyCount "58"]
[TimeControl "2700+10"]

1. e4 e5 2. Nf3 Nc6 3. Nc3 Bc5 4. Nxe5 Bxf2+ 5. Kxf2 Nxe5 6. d4 Qf6+ 7. Ke1
Nc6 8. e5 Qe7 9. Nd5 Qh4+ 10. g3 Qe4+ 11. Ne3 Qxh1 12. Qg4 g6 13. Ng2 Qxh2
14. c3 d6 15. Qf4 dxe5 16. dxe5 Bh3 17. Qh4 Qh1 18. Ne3 Nxe5 19. Qxh3 Qxh3
20. Bxh3 Nd3+ 21. Ke2 Nxc1+ 22. Rxc1 f5 23. Bg2 O-O-O 24. Nc4 Nf6 25. Kf3
Rd3+ 26. Kf2 Ng4+ 27. Kf1 Rxg3 28. Re1 b5 29. Ne5 Ne3+ { White resigns }
0-1

[Event "ICC tourney 2500 (45 10)"]
[Site "Internet Chess Club"]
[Date "2021.04.10"]
[Round "5"]
[White "VALE CRUZ, ARMIN:trucker"]
[Black "YU, ADRIAN:chessmonkey05"]
[Result "1-0"]
[ICCResult "Black resigns"]
[WhiteElo "1664"]
[BlackElo "1617"]
[Opening "Ruy Lopez: Anderssen variation"]
[ECO "C77"]
[NIC "RL.12"]
[Time "21:04:35"]
[PlyCount "61"]
[TimeControl "2700+10"]

1. e4 e5 2. Nf3 Nc6 3. Bb5 a6 4. Ba4 Nf6 5. d3 b5 6. Bb3 Bc5 7. O-O h6 8.
c3 d6 9. Nbd2 O-O 10. Re1 Be6 11. Bc2 Ng4 12. Re2 f5 13. h3 Nf6 14. a4 f4
15. Bb3 Qd7 16. Nf1 Kh8 17. Bxe6 Qxe6 18. d4 d5 19. exd5 Qxd5 20. Nxe5 Rfe8
21. Nxc6 Qxc6 22. Rxe8+ Rxe8 23. dxc5 Qxc5 24. Bxf4 Qf5 25. Bxc7 bxa4 26.
Rxa4 Qe6 27. Qd3 Qc6 28. Rc4 Qb5 29. b4 Rc8 30. Ne3 Rxc7 31. Qd8+ { Black
resigns } 1-0

[Event "ICC tourney 2500 (45 10)"]
[Site "Internet Chess Club"]
[Date "2021.04.10"]
[Round "5"]
[White "RAMESH, ANIRUDH:anirudhramesh03"]
[Black "BULLEIGH, ADAM LEE:AlekhinesGunn"]
[Result "1-0"]
[ICCResult "Black checkmated"]
[WhiteElo "1561"]
[BlackElo "1734"]
[Opening "Sicilian: Smith-Morra gambit"]
[ECO "B21"]
[NIC "SI.48"]
[Time "21:04:50"]
[PlyCount "105"]
[TimeControl "2700+10"]

1. e4 c5 2. d4 cxd4 3. c3 dxc3 4. Nxc3 Nc6 5. Bc4 e6 6. Nf3 Bc5 7. O-O Nge7
8. Bf4 O-O 9. Bd6 Bxd6 10. Qxd6 Ng6 11. Rfd1 Qe7 12. Nb5 Qxd6 13. Nxd6 Rd8
14. a3 Nce5 15. Nxe5 Nxe5 16. Be2 f6 17. f4 Nf7 18. Rac1 Nxd6 19. Rxd6 Kf7
20. Rc7 Ke7 21. e5 a5 22. Bc4 Ke8 23. exf6 gxf6 24. f5 exf5 25. Rxf6 d5 26.
Bb5+ Bd7 27. Re6+ Kf7 28. Rd6 Ke7 29. Rcxd7+ Rxd7 30. Rxd7+ Ke6 31. Rxh7
Rb8 32. Bd7+ Kf6 33. Rh5 f4 34. Rxd5 Rd8 35. g3 fxg3 36. h4 b6 37. Kg2 Ke7
38. Kxg3 Rxd7 39. Rxd7+ Kxd7 40. a4 Ke6 41. h5 Kf5 42. Kh4 Kf6 43. Kg4 Kf7
44. Kf5 Kg7 45. Kg5 Kh7 46. h6 Kh8 47. Kg6 Kg8 48. h7+ Kh8 49. b3 b5 50.
axb5 a4 51. b6 a3 52. b7 a2 53. b8=Q# { Black checkmated } 1-0

[Event "ICC tourney 2500 (45 10)"]
[Site "Internet Chess Club"]
[Date "2021.04.10"]
[Round "5"]
[White "TANG, VINCENT:VincentT2008"]
[Black "PAN, CHRIS:Chris0708"]
[Result "1-0"]
[ICCResult "Black resigns"]
[WhiteElo "1744"]
[BlackElo "1354"]
[Opening "QGD: exchange, positional line"]
[ECO "D35"]
[NIC "QO.16"]
[Time "21:05:18"]
[PlyCount "91"]
[TimeControl "2700+10"]

1. d4 d5 2. c4 e6 3. Nc3 Nf6 4. cxd5 exd5 5. Bg5 Be6 6. e3 h6 7. Bh4 g5 8.
Bg3 c5 9. Nf3 Nbd7 10. Be2 Qb6 11. Nb5 O-O-O 12. Bc7 Qxb5 13. Bxb5 Kxc7 14.
dxc5 Bxc5 15. Rc1 Kb8 16. O-O Ne4 17. Nd2 Ndf6 18. Nxe4 dxe4 19. Qa4 Be7
20. Bc4 Bxc4 21. Qxc4 Bd6 22. Qxf7 Ng4 23. Qf5 Nxh2 24. Rfd1 Bc7 25. Rxd8+
Rxd8 26. Rxc7 Kxc7 27. Kxh2 Kc6 28. Qxe4+ Kc7 29. Qe7+ Rd7 30. Qf6 Rd6 31.
Qg7+ Rd7 32. Qxd7+ Kxd7 33. Kg3 h5 34. f4 gxf4+ 35. exf4 Ke6 36. Kh4 a5 37.
Kxh5 Kf6 38. g4 b5 39. g5+ Kg7 40. f5 b4 41. b3 a4 42. bxa4 b3 43. axb3 Kf7
44. a5 Kg7 45. a6 Kf7 46. a7 { Black resigns } 1-0

[Event "ICC tourney 2500 (45 10)"]
[Site "Internet Chess Club"]
[Date "2021.04.10"]
[Round "5"]
[White "PATEL, SOHAM:SPBrain"]
[Black "KONG, MILO JAMES:therealkingkong"]
[Result "0-1"]
[ICCResult "White checkmated"]
[WhiteElo "1248"]
[BlackElo "1589"]
[Opening "French defense"]
[ECO "C01"]
[NIC "FR.01"]
[Time "21:05:05"]
[PlyCount "54"]
[TimeControl "2700+10"]

1. e4 e6 2. d4 b6 3. Nf3 Bb7 4. Bd3 Nf6 5. Nc3 Bb4 6. Bg5 Be7 7. O-O d5 8.
e5 Nfd7 9. Be3 c5 10. b3 cxd4 11. Bxd4 Bc5 12. Re1 a6 13. a3 Bxd4 14. Nxd4
Qc7 15. Ncb5 axb5 16. Nxb5 Qc6 17. Nd6+ Kf8 18. Qh5 g6 19. Bxg6 fxg6 20.
Qf3+ Ke7 21. Qf7+ Kd8 22. Re3 d4 23. Rf3 Rf8 24. Qxf8+ Nxf8 25. Rxf8+ Kc7
26. Ne8+ Kd7 27. Nd6 Qxg2# { White checkmated } 0-1

[Event "ICC tourney 2500 (45 10)"]
[Site "Internet Chess Club"]
[Date "2021.04.10"]
[Round "5"]
[White "POLYAKIN, VLADIMIR:IAlwaysWin"]
[Black "AYYAPPAN, SANTHOSH:SanthoshA"]
[Result "1-0"]
[ICCResult "Black checkmated"]
[WhiteElo "1879"]
[BlackElo "1661"]
[Opening "Réti opening"]
[ECO "A11"]
[NIC "QP.09"]
[Time "21:05:22"]
[PlyCount "49"]
[TimeControl "2700+10"]

1. Nf3 d5 2. c4 c6 3. e3 Nf6 4. Nc3 Bf5 5. Qb3 b6 6. cxd5 Nxd5 7. Nxd5 Qxd5
8. Bc4 Qd6 9. Bxf7+ Kd8 10. Nd4 Bd7 11. Be6 c5 12. Bd5 Bc6 13. Nxc6+ Nxc6
14. Bxc6 Qxc6 15. O-O e5 16. f4 Bd6 17. fxe5 Bxe5 18. d4 cxd4 19. exd4
Bxd4+ 20. Be3 Bxe3+ 21. Qxe3 Re8 22. Qg5+ Kd7 23. Rad1+ Ke6 24. Qf5+ Ke7
25. Qf7# { Black checkmated } 1-0

[Event "ICC tourney 2500 (45 10)"]
[Site "Internet Chess Club"]
[Date "2021.04.10"]
[Round "5"]
[White "TREUSDELL, ROSS G:IveDoneEnough"]
[Black "FURMAN, MIKHAIL:mfurm"]
[Result "1-0"]
[ICCResult "Black checkmated"]
[WhiteElo "1649"]
[BlackElo "1897"]
[Opening "Sicilian: modern Scheveningen"]
[ECO "B58"]
[NIC "SI.22"]
[Time "21:04:36"]
[PlyCount "69"]
[TimeControl "2700+10"]

1. e4 c5 2. Nf3 Nc6 3. d4 cxd4 4. Nxd4 Nf6 5. Nc3 d6 6. Be2 e6 7. O-O Be7
8. Kh1 O-O 9. Bg5 h6 10. Bh4 a6 11. f4 Qc7 12. f5 g5 13. fxg6 fxg6 14. Bg3
b5 15. Nxc6 Qxc6 16. Bf3 e5 17. Qd2 Kg7 18. Nd5 Nxd5 19. exd5 Qc7 20. Bxe5+
dxe5 21. d6 Bxd6 22. Bxa8 Bf5 23. Bd5 Rd8 24. Bb3 e4 25. Qe2 h5 26. Rxf5
gxf5 27. Qxh5 Kf6 28. Rf1 f4 29. Qh6+ Kf5 30. g4+ Ke5 31. Qe6+ Kd4 32. Qd5+
Ke3 33. Re1+ Kf3 34. Qd1+ Kf2 35. Qe2# { Black checkmated } 1-0

[Event "ICC tourney 2500 (45 10)"]
[Site "Internet Chess Club"]
[Date "2021.04.10"]
[Round "5"]
[White "THOMAS, MICHAEL G:chesslin"]
[Black "TIONG, RACHAEL:rachael1120"]
[Result "0-1"]
[ICCResult "White forfeits on time"]
[WhiteElo "1723"]
[BlackElo "1631"]
[Opening "Queen's pawn: London system"]
[ECO "A45"]
[NIC "QP.07"]
[Time "21:04:27"]
[PlyCount "26"]
[TimeControl "2700+10"]

1. d4 Nf6 2. Bf4 d5 3. e3 c5 4. c4 e6 5. Nc3 Nc6 6. Nf3 Be7 7. h3 O-O 8.
Ne5 Nxe5 9. dxe5 Ne4 10. Be2 Nxc3 11. bxc3 Qa5 12. O-O Rd8 13. Qb3 a6 {
White forfeits on time } 0-1

[Event "ICC tourney 2500 (45 10)"]
[Site "Internet Chess Club"]
[Date "2021.04.10"]
[Round "5"]
[White "WU, WENTAO:Threehundreds"]
[Black "Xia, Joshua:MathMonkey"]
[Result "1-0"]
[ICCResult "Black checkmated"]
[WhiteElo "1467"]
[BlackElo "1411"]
[Opening "Ruy Lopez: 5.O-O"]
[ECO "C78"]
[NIC "RL.12"]
[Time "21:04:28"]
[PlyCount "113"]
[TimeControl "2700+10"]

1. e4 e5 2. Nf3 Nc6 3. Bb5 a6 4. Ba4 Nf6 5. O-O b5 6. Bb3 Bc5 7. a4 Rb8 8.
c3 d6 9. d4 Bb6 10. a5 Ba7 11. Be3 O-O 12. dxe5 Bxe3 13. exf6 Bh6 14. fxg7
Bxg7 15. h3 Be6 16. Bxe6 fxe6 17. Nbd2 b4 18. cxb4 Rxb4 19. Ra2 Rxb2 20.
Rxb2 Bxb2 21. Qc2 Nxa5 22. Qxb2 c5 23. Ra1 Rf7 24. Qa2 Nc6 25. Qxe6 a5 26.
Nc4 Kf8 27. Qxd6+ Qxd6 28. Nxd6 Ra7 29. Ra4 Nb4 30. Nc4 Nc6 31. Nfd2 Ke7
32. Nb3 Rb7 33. Nbxa5 Rb1+ 34. Kh2 Nb4 35. Ra3 Rc1 36. Rg3 Kf6 37. e5+ Kf7
38. Rg5 Nd3 39. Rf5+ Ke6 40. Rf6+ Ke7 41. Nc6+ Kd7 42. Rd6+ Kc7 43. Rxd3
Rxc4 44. Na5 Ra4 45. Nb3 c4 46. Rc3 Kb6 47. Nd2 Kc5 48. Rxc4+ Rxc4 49. Nxc4
Kxc4 50. e6 Kd3 51. e7 Ke2 52. e8=Q+ Kxf2 53. Qe4 Kf1 54. Qc2 h5 55. Kg3
Ke1 56. Kf3 h4 57. Qe2# { Black checkmated } 1-0

[Event "ICC tourney 2500 (45 10)"]
[Site "Internet Chess Club"]
[Date "2021.04.10"]
[Round "5"]
[White "Gong, Andrew:TheDude865"]
[Black "GONG, JONATHAN YICHENG:Theutltl"]
[Result "0-1"]
[ICCResult "White checkmated"]
[WhiteElo "1521"]
[BlackElo "1477"]
[Opening "Sicilian: Kan, 5.Nc3"]
[ECO "B43"]
[NIC "SI.41"]
[Time "21:04:28"]
[PlyCount "106"]
[TimeControl "2700+10"]

1. e4 c5 2. Nf3 e6 3. d4 cxd4 4. Nxd4 a6 5. Nc3 Qc7 6. Be2 Nf6 7. O-O Be7
8. f4 d6 9. Be3 O-O 10. Qe1 Nbd7 11. Qg3 b5 12. f5 e5 13. Bh6 Ne8 14. Nb3
Bb7 15. a3 Kh8 16. Bg5 Bxg5 17. Qxg5 Nef6 18. Qh4 Nc5 19. Nxc5 Qxc5+ 20.
Kh1 Rfd8 21. Bf3 Rac8 22. g4 d5 23. g5 Nxe4 24. g6 fxg6 25. fxg6 Nf6 26.
gxh7 Nxh7 27. Bh5 d4+ 28. Ne4 Bxe4+ 29. Qxe4 Qxc2 30. Qh4 Qc6+ 31. Bf3 Qh6
32. Qxh6 gxh6 33. Bb7 Rb8 34. Be4 Ng5 35. Rfe1 Nxe4 36. Rxe4 Rd5 37. Kg2
Rf8 38. Rae1 Rf5 39. Kg3 Kg7 40. h4 h5 41. Kg2 Kf6 42. Rf1 Rxf1 43. Kxf1
Kf5 44. Re2 e4 45. Ke1 d3 46. Re3 Kf4 47. Kd2 Rc5 48. Re1 Rc2+ 49. Kd1 e3
50. b3 e2+ 51. Rxe2 dxe2+ 52. Ke1 Ke3 53. b4 Rc1# { White checkmated } 0-1

[Event "ICC tourney 2500 (45 10)"]
[Site "Internet Chess Club"]
[Date "2021.04.10"]
[Round "5"]
[White "Xiao, Marina:marinaxiao"]
[Black "Badrinarayanan, Shashank:Shashankb05"]
[Result "1/2-1/2"]
[ICCResult "Game drawn by repetition"]
[WhiteElo "1512"]
[BlackElo "1743"]
[Opening "Two knights defense (Modern bishop's opening)"]
[ECO "C55"]
[NIC "IG.01"]
[Time "21:04:33"]
[PlyCount "131"]
[TimeControl "2700+10"]

1. e4 e5 2. Nf3 Nc6 3. Bc4 Nf6 4. d3 Be7 5. O-O O-O 6. Nc3 d6 7. h3 h6 8.
Be3 a6 9. a4 Re8 10. Qd2 Bf8 11. Rfe1 Be6 12. Bxe6 Rxe6 13. d4 exd4 14.
Bxd4 Nxd4 15. Nxd4 Re8 16. Nf5 Qd7 17. Qf4 Kh7 18. Ng3 Qe6 19. Rad1 Rad8
20. Nd5 Nxd5 21. Rxd5 Qxd5 22. exd5 Rxe1+ 23. Kh2 Re7 24. Nf5 Red7 25. Nd4
g6 26. c3 Bg7 27. g3 Bxd4 28. Qxd4 Re7 29. Qf6 Rde8 30. c4 Kg8 31. Qf4 Re4
32. Qc1 Kg7 33. Qc3+ f6 34. Kg2 b6 35. b3 Re2 36. a5 Ra2 37. axb6 cxb6 38.
Qb4 Ree2 39. Qxb6 Rxf2+ 40. Qxf2 Rxf2+ 41. Kxf2 a5 42. Ke3 f5 43. Kd4 Kf6
44. c5 dxc5+ 45. Kxc5 Ke7 46. d6+ Kd7 47. Kd5 g5 48. Ke5 f4 49. gxf4 gxf4
50. Kxf4 Kxd6 51. Ke4 Kc5 52. Kd3 Kd5 53. Kc3 Kc5 54. Kc2 Kd4 55. Kd2 h5
56. Kc2 h4 57. Kd2 Ke4 58. Ke2 Kf4 59. Kf2 Ke4 60. Ke2 Kd4 61. Kd2 Ke4 62.
Ke2 Kd4 63. Kd2 Ke4 64. Ke2 Kf4 65. Kf2 Ke4 66. Ke2 { Game drawn by
repetition } 1/2-1/2

[Event "ICC tourney 2500 (45 10)"]
[Site "Internet Chess Club"]
[Date "2021.04.10"]
[Round "5"]
[White "BRAHMANAPALLY, SARVAGNYA:bsarvagnya"]
[Black "SULTAN, BASHIR Cisse:muzikmixer"]
[Result "0-1"]
[ICCResult "White checkmated"]
[WhiteElo "1318"]
[BlackElo "1526"]
[Opening "Pirc defense"]
[ECO "B07"]
[NIC "PU.08"]
[Time "21:05:22"]
[PlyCount "170"]
[TimeControl "2700+10"]

1. e4 d6 2. d4 Nf6 3. Nf3 Nxe4 4. Bc4 d5 5. Bb3 e6 6. Nc3 Nxc3 7. bxc3 Be7
8. Bf4 O-O 9. Qd2 Nd7 10. O-O Nb6 11. Qd3 a5 12. a4 Bd7 13. Ne5 c5 14. dxc5
Bxc5 15. Qg3 Bc6 16. Nd3 Nd7 17. Bc7 Qf6 18. Nxc5 Nxc5 19. Be5 Qg6 20. Qxg6
hxg6 21. Bd6 Nxb3 22. cxb3 Rfe8 23. Rae1 f6 24. Re3 Kf7 25. Rfe1 e5 26. Rf3
d4 27. Rd3 dxc3 28. Rxc3 Rad8 29. Bc7 Rd5 30. Bb6 Re7 31. h3 Red7 32. Kh2
Rd2 33. Rf1 R7d5 34. Be3 R2d3 35. Rxd3 Rxd3 36. Rb1 Bd5 37. Bb6 Rxb3 38.
Rxb3 Bxb3 39. Bxa5 Bxa4 40. Kg3 Bc6 41. f3 g5 42. Kf2 e4 43. fxe4 Bxe4 44.
g3 Bf5 45. g4 Be4 46. Bc3 Ke6 47. Bd4 g6 48. Kg3 f5 49. gxf5+ gxf5 50. Bb6
Kf6 51. Bd4+ Kg6 52. h4 f4+ 53. Kg4 Bf5+ 54. Kf3 gxh4 55. Kxf4 Bh3 56. Be3
Kh5 57. Bg1 Bg2 58. Bh2 h3 59. Bg1 Kg6 60. Ke5 Kg5 61. Kd6 Kg4 62. Kc7 Bc6
63. Bh2 Kf3 64. Bd6 Kg2 65. Kb6 h2 66. Bxh2 Kxh2 67. Kc7 Kg2 68. Kb6 Kf2
69. Kc7 Ke2 70. Kb6 Kd2 71. Kc5 Kc2 72. Kb6 Be4 73. Kc5 Kb3 74. Kb5 Bf3 75.
Kc5 Ka4 76. Kb6 Kb4 77. Ka7 b5 78. Ka6 Ka4 79. Kb6 b4 80. Kc5 b3 81. Kc4 b2
82. Kc5 b1=Q 83. Kc4 Qc1+ 84. Kd4 Kb4 85. Kd3 Qc3# { White checkmated } 0-1

[Event "ICC tourney 2500 (45 10)"]
[Site "Internet Chess Club"]
[Date "2021.04.10"]
[Round "5"]
[White "JOHNSTON, DAVID T:waylander11"]
[Black "SETHURAMAN, ROSHAN:TheSuperKing"]
[Result "1-0"]
[ICCResult "Black checkmated"]
[WhiteElo "1661"]
[BlackElo "1725"]
[Opening "Danish gambit"]
[ECO "C21"]
[NIC "KP.04"]
[Time "21:04:36"]
[PlyCount "121"]
[TimeControl "2700+10"]

1. e4 e5 2. d4 exd4 3. c3 dxc3 4. Nxc3 Be7 5. Nf3 Nf6 6. e5 Ng8 7. Bc4 Nc6
8. Qd5 Nh6 9. Bxh6 O-O 10. Bf4 Kh8 11. O-O a6 12. a3 d6 13. exd6 Bxd6 14.
Bxd6 cxd6 15. Ng5 Ne5 16. Ba2 Qxg5 17. f4 Qe7 18. fxe5 dxe5 19. Rxf7 Rxf7
20. Qxf7 Qxf7 21. Bxf7 Bd7 22. Re1 Rf8 23. Bd5 Bc6 24. Bxc6 bxc6 25. Rxe5
h6 26. Re6 Rc8 27. Kf2 Kg8 28. Ne4 a5 29. Nc5 Kf7 30. Re4 Rb8 31. b4 axb4
32. Rxb4 Rd8 33. Ke2 Rd5 34. Nd3 Ra5 35. a4 Ke6 36. Nf4+ Kd6 37. Kd3 g5 38.
Ne2 h5 39. Nc1 Kc7 40. Nb3 Ra6 41. a5 g4 42. Rb6 Rxb6 43. axb6+ Kxb6 44.
Ke4 c5 45. Kf4 c4 46. Nc1 Kc5 47. Kg5 Kb4 48. Kxh5 Kc3 49. Kxg4 Kd2 50. Na2
Kc2 51. h4 Kb3 52. Nc1+ Kc2 53. Ne2 Kd3 54. Kf3 c3 55. h5 c2 56. h6 Kd2 57.
h7 c1=Q 58. Nxc1 Kxc1 59. h8=Q Kd1 60. Qb2 Ke1 61. Qe2# { Black checkmated
} 1-0